 Dungeon Crawl Stone Soup version 0.17-a0-1020-ge683cc4 (webtiles) character file.

1255 Zuul the Skirmisher (level 8, -3/62 HPs)
             Began as a Demonspawn Gladiator on Feb 26, 2015.
             Was a Follower of Makhleb.
             Slain by an unseen horror (9 damage)
             ... on level 7 of the Dungeon on May 17, 2015.
             The game lasted 00:21:29 (5345 turns).

Zuul the Skirmisher (Demonspawn Gladiator)          Turns: 5345, Time: 00:21:29

Health: -3/62      AC: 10    Str: 22    XL:     8   Next: 26%
Magic:  13/13      EV: 12    Int: 11    God:    Makhleb [*.....]
Gold:   329        SH:  0    Dex: 12    Spells: 1 memorised, 13 levels left

rFire  + . .     SeeInvis +     a - +1 long sword
rCold  . . .     Clarity  .     k - +0 ring mail (curse)
rNeg   . . .     SustAb   .     (no shield)
rPois  +         Gourm    +     (helmet restricted)
rElec  .         Spirit   .     (no cloak)
rCorr  .         Warding  .     o - +0 pair of gloves
rMut   .         Stasis   .     (no boots)
MR     .....                    x - amulet of the gourmand
Stlth  +.........               i - ring of poison resistance
                                h - ring of see invisible

@: mighty, drained, not resistant to hostile enchantments, very unstealthy
A: horns 1, rough black scales 1, fire resistance 1, ignite blood, powered by
death 2, flame cloud immunity
a: Renounce Religion


You were on level 7 of the Dungeon.
You worshipped Makhleb.
Makhleb was aware of your devotion.
You were near starving.

You visited 2 branches of the dungeon, and saw 8 of its levels.

You collected 329 gold pieces.

Inventory:

Hand weapons
 a - a +1 long sword (weapon)
 q - a +2 dagger of draining
Missiles
 d - 2 throwing nets (quivered)
Armour
 k - a cursed +0 ring mail (worn)
 o - a +0 pair of gloves (worn)
Jewellery
 h - a ring of see invisible (left hand)
 i - a ring of poison resistance (right hand)
 j - a +2 ring of strength
 x - an amulet of the gourmand (around neck)
Magical devices
 m - a wand of digging (4)
 u - a wand of fire (6)
Scrolls
 b - 2 scrolls of remove curse
 e - a scroll of identify
 g - 2 scrolls of fear {unknown}
 v - a scroll of enchant armour {unknown}
 w - a scroll of magic mapping
Potions
 p - a potion of brilliance
Books
 r - a book of Annihilations {highlevel}

   This book is beyond your current level of understanding.

   Spells                             Type                      Level
   a - Poison Arrow                   Conjuration/Poison           6
   b - Chain Lightning                Conjuration/Air              8
   c - Lehudib's Crystal Spear        Conjuration/Earth            8
   d - Glaciate                       Conjuration/Ice              9
   e - Fire Storm                     Conjuration/Fire             9
Comestibles
 c - a royal jelly
 f - 4 bread rations
 l - 2 beef jerkies
 n - 5 meat rations


   Skills:
 * Level 5.0(4.8) Fighting
 * Level 5.0(4.8) Long Blades
 - Level 1.7(1.6) Throwing
 + Level 1.4(1.2) Armour
 + Level 4.1(3.9) Dodging
 * Level 3.8(3.7) Spellcasting
 * Level 4.0(3.8) Necromancy
 - Level 2.1(1.9) Invocations


You had 13 spell levels left.
You knew the following spells:

 Your Spells              Type           Power        Failure   Level  Hunger
a - Animate Skeleton      Necr           N/A          10%         1    #......


Dungeon Overview and Level Annotations

Branches:
Dungeon (7/15)             Temple (1/1) D:6

Altars:
Elyvilon
Gozag
Makhleb
Nemelex Xobeh
Qazlal
Ru
Sif Muna
Xom
Yredelemnul

Shops:
D:4 =


Innate Abilities, Weirdness & Mutations

You have a pair of small horns on your head.
You are partially covered in rough black scales (AC +4, Dex -1).
Your flesh is heat resistant.
Your demonic aura causes spilled blood to erupt in flames.
You can steal the life force of defeated enemies.
You are immune to clouds of flame.


Message History

The unseen horror hits you.
The hill giant is engulfed in roaring flames.
The hill giant hits you with a giant club!!
* * * LOW HITPOINT WARNING * * *
The unseen horror is engulfed in roaring flames.
The unseen horror barely misses you.
Drink which item? (? for menu, Esc to quit)
Okay, then.
Casting: Animate Skeleton
Confirm with . or Enter, or press ? or * to list all spells.
You don't know that spell.
The unseen horror is engulfed in roaring flames.
The unseen horror barely misses you.
The hill giant is engulfed in roaring flames.
The unseen horror is engulfed in roaring flames.
The unseen horror hits you but does no damage.
The unseen horror hits you!
* * * LOW HITPOINT WARNING * * *
The unseen horror hits you!
You die...

..## #.# ..#
#.# ..# #.#
..#
######.#####
[.#
#..........#
###
#.########.#
#.# #.# ♣ #.#
#x#♣♣♣♣♣♣♣♣..♣
#.#
#.@§C..§...♣
#.#
#.'..§§§...♣
#.#
###♣♣♣♣♣♣♣♣..♣
#.# #.# #.#
######.#
.....#.#
.###.#.#


You could see a hill giant and an unseen horror (invisible).

Vanquished Creatures
  Grinder (D:3)
  Menkaure (D:5)
  The ghost of BluebellGnoll the Sneak, an average OpEn (D:3)
  A phantom (D:4)
  A sky beast (D:5)
  A centaur (D:6)
  An ogre (D:6)
  3 wights (D:7)
  2 worker ants (D:5)
  An orc priest (D:4)
  A hound (D:4)
  Jessica (D:3)
  A hound zombie (D:5)
  Terence (D:3)
  9 adders
  A removed MONS_GIANT_MITE (D:4)
  4 worms
  An adder zombie (D:7)
  4 giant geckos
  5 orcs
  8 bats
  14 hobgoblins
  6 jackals
  4 quokkas
  A ball python (D:1)
  A ball python skeleton (D:4)
  4 giant cockroaches
  A giant gecko skeleton (D:4)
  A giant gecko zombie (D:4)
  3 giant newts
  7 goblins
  16 kobolds
  6 rats
113 creatures vanquished.

Notes
Turn   | Place    | Note
--------------------------------------------------------------
     0 | D:1      | Zuul, the Demonspawn Gladiator, began the quest for the Orb.
     0 | D:1      | Reached XP level 1. HP: 16/16 MP: 1/1
   419 | D:1      | Gained mutation: You can steal the life force of nearby defeated enemies. [demonic ancestry]
   419 | D:1      | Reached XP level 2. HP: 19/22 MP: 2/2
   465 | D:1      | Reached skill level 3 in Dodging
  1144 | D:2      | Gained mutation: You have a pair of small horns on your head. [demonic ancestry]
  1144 | D:2      | Reached XP level 3. HP: 18/28 MP: 3/3
  1456 | D:2      | Reached skill level 1 in Spellcasting
  1647 | D:2      | HP: 1/28 [poisoned by an adder]
  1652 | D:2      | Reached skill level 1 in Armour
  1652 | D:2      | Gained mutation: Your flesh is heat resistant. [demonic ancestry]
  1652 | D:2      | Reached XP level 4. HP: 7/34 MP: 6/6
  1731 | D:2      | Learned a level 1 spell: Animate Skeleton
  1957 | D:3      | Noticed Grinder
  1972 | D:3      | Killed Grinder
  1972 | D:3      | Gained mutation: You are immune to clouds of flame. [demonic ancestry]
  1972 | D:3      | Reached XP level 5. HP: 21/41 MP: 7/9
  1972 | D:3      | Gained mutation: You are partially covered in rough black scales (AC +4, Dex -1). [demonic ancestry]
  1972 | D:3      | Reached XP level 6. HP: 24/47 MP: 7/10
  2184 | D:3      | Noticed Jessica
  2197 | D:3      | Killed Jessica
  2204 | D:3      | Noticed BluebellGnoll's ghost (average OpEn)
  2241 | D:3      | Killed BluebellGnoll's ghost
  2293 | D:3      | Found an opulent altar of Gozag.
  2308 | D:3      | Noticed Terence
  2324 | D:3      | Killed Terence
  2417 | D:3      | Found a burning altar of Makhleb.
  2515 | D:3      | Reached skill level 4 in Long Blades
  2746 | D:3      | Became a worshipper of Makhleb the Destroyer
  2848 | D:4      | Found a sparkling altar of Nemelex Xobeh.
  2897 | D:4      | Gained mutation: You can steal the life force of defeated enemies. [demonic ancestry]
  2897 | D:4      | Reached XP level 7. HP: 32/54 MP: 13/13
  3369 | D:4      | Reached skill level 1 in Invocations
  3409 | D:4      | Found a deep blue altar of Sif Muna.
  3478 | D:4      | Found Bieqoi's Jewellery Shop.
  3487 | D:4      | Acquired Makhleb's first power
  3506 | D:4      | Upgraded the game from 0.16-a0-4108-g6e49b0d to 0.17-a0-1020-ge683cc4
  3656 | D:4      | Learned a level 1 spell: Animate Skeleton
  3676 | D:5      | Entered Level 5 of the Dungeon
  3744 | D:5      | Noticed Menkaure
  3756 | D:5      | Killed Menkaure
  4278 | D:5      | You fall through a shaft!
  4303 | D:6      | Found a staircase to the Ecumenical Temple.
  4308 | Temple   | Entered the Ecumenical Temple
  4365 | D:6      | Gained mutation: Your demonic aura causes spilled blood to erupt in flames. [demonic ancestry]
  4365 | D:6      | Reached XP level 8. HP: 61/61 MP: 13/13
  4667 | D:5      | Reached skill level 5 in Long Blades
  4733 | D:5      | Found a basalt altar of Yredelemnul.
  4733 | D:5      | Found a stormy altar of Qazlal.
  5283 | D:7      | Reached skill level 5 in Fighting
  5336 | D:7      | Noticed a hill giant
  5336 | D:7      | Noticed an unseen horror
  5345 | D:7      | Slain by an unseen horror

Vault maps used:
D:1:      dpeg_arrival_round_c, st_stairs_1, serial_park_tiny_2, minivault_26
D:3:      lemuel_crystal_altar, grunt_decor_fettered,
          nicolae_gozag_cash_rules_everything_around_me, uniq_jessica,
          uniq_terence, uniq_grinder
D:4:      lemuel_coloured_pillars_altar, tgw_sif, first_bread, serial_shops,
          shop
D:5:      gammafunk_temple_overflow_wave, uniq_menkaure
D:6:      temple_doors_e
D:7:      kennysheep_big_flooded_room, serial_shops, nicolae_shop_statue_plus,
          uniq_joseph
Temple:   eino_wide_crystal_templ_10

Action                   |  1- 3 |  4- 6 |  7- 9 || total
-------------------------+-------+-------+-------++-------
Melee: Long sword        |   181 |   142 |   158 ||   481
       Hand axe          |       |       |     2 ||     2
Throw: Throwing net      |     1 |     6 |       ||     7
  Use: Potion            |     4 |     1 |     6 ||    11
       Scroll            |     2 |     2 |     5 ||     9
 Stab: Held in net/web   |       |     3 |       ||     3
  Eat: Chunk             |     3 |     4 |     6 ||    13
